 Dungeon Crawl Stone Soup version 0.21.1-1-g345015f (webtiles) character file.

63 tidbits the Grave Robber (level 4, 6/32 HPs)
             Began as a Gnoll Necromancer on June 26, 2018.
             Quit the game on level 3 of the Dungeon.
             The game lasted 00:03:16 (434 turns).

tidbits the Grave Robber (Gnoll Necromancer)         Turns: 434, Time: 00:03:17

Health: 6/32       AC:  2    Str: 10    XL:     4   Next: 9%
Magic:  4/11       EV: 15    Int: 18    God:
Gold:   93         SH:  0    Dex: 16    Spells: 11/13 levels left

rFire    . . .     SeeInvis .   g - +0 club
rCold    . . .     Gourm    .   (no shield)
rNeg     . . .     Faith    .   a - +0 robe
rPois    .         Spirit   .   (no helmet)
rElec    .         Reflect  .   (no cloak)
rCorr    .         Harm     .   (no gloves)
MR       .....                  (no boots)
Stlth    +++.......             (no amulet)
HPRegen  0.10/turn              (no ring)
MPRegen  0.12/turn              (no ring)

@: no status effects
A: distributed training, fangs 1, strong nose
a: no special abilities


You were on level 3 of the Dungeon.
You were not hungry.

You visited 1 branch of the dungeon, and saw 3 of its levels.

You collected 93 gold pieces.

Inventory:

Hand Weapons
 f - a +0 hunting sling
 g - a +0 club (weapon)
Missiles
 i - 3 stones
 o - 3 javelins (quivered)
Armour
 a - a +0 robe (worn)
Scrolls
 e - 6 scrolls of identify {unknown}
 h - a scroll of fog {unknown}
 k - a scroll of remove curse {unknown}
 l - a scroll of blinking {unknown}
 m - 2 scrolls of amnesia {unknown}
Potions
 d - a potion of flight {unknown}
 j - 2 potions of might
 n - 3 potions of curing {unknown}
Books
 b - a book of Necromancy

   Spells                             Type                      Level
   a - Pain                           Necromancy                   1
   b - Animate Skeleton               Necromancy                   1
   c - Vampiric Draining              Necromancy                   3
   d - Regeneration                   Charms/Necromancy            3
   e - Animate Dead                   Necromancy                   4
   f - Borgnjor's Vile Clutch         Necromancy/Earth             5
Comestibles
 c - 2 rations


   Skills:
 + Level 1.0 Fighting
 + Level 1.0 Short Blades
 + Level 1.0 Long Blades
 + Level 1.0 Axes
 + Level 1.0 Maces & Flails
 + Level 1.0 Polearms
 + Level 1.0 Staves
 + Level 1.0 Slings
 + Level 1.0 Bows
 + Level 1.0 Crossbows
 + Level 1.0 Throwing
 + Level 1.0 Armour
 + Level 4.6 Dodging
 + Level 4.2 Stealth
 + Level 1.0 Shields
 + Level 1.0 Unarmed Combat
 + Level 5.0 Spellcasting
 + Level 0.7 Conjurations
 + Level 0.7 Hexes
 + Level 0.7 Charms
 + Level 0.7 Summonings
 + Level 7.1 Necromancy
 + Level 0.7 Translocations
 + Level 0.7 Transmutations
 + Level 0.7 Fire Magic
 + Level 0.7 Ice Magic
 + Level 0.7 Air Magic
 + Level 0.7 Earth Magic
 + Level 0.7 Poison Magic
 + Level 1.1 Invocations
 + Level 1.0 Evocations


You had 11 spell levels left.
You knew the following spells:

 Your Spells              Type           Power        Failure   Level  Hunger
a - Pain                  Necr           ####         1%          1    None
n - Animate Skeleton      Necr           N/A          1%          1    None


Dungeon Overview and Level Annotations

Branches:
Dungeon (3/15)

Altars:
Nemelex Xobeh
Yredelemnul


Innate Abilities, Weirdness & Mutations

Your experience applies equally to all skills.
You have very sharp teeth.
Your uncanny sense of smell can sniff out nearby items.


Message History

o - 4 javelins
Okay, then.
Quiver which item? (- for none, * to show all) (? for menu, Esc to quit)
Quivering
o - 4 javelins for throwing.
Throwing (i - inventory. (,) - cycle):
o - 4 javelins (quivered)
Press: ? - help, Shift-Dir - straight line, f - adder
Aim: an adder (resting)
You throw a javelin. The javelin hits the adder.
The adder hisses angrily.
The adder is moderately wounded.
Casting: Pain
Confirm with . or Enter, or press ? or * to list all spells.
Aiming: Pain
Press: ? - help, Shift-Dir - straight line, f/p - adder
Aim: an adder (moderately wounded, chance to defeat MR: 89%)
The adder writhes in agony!
Casting: Pain
Confirm with . or Enter, or press ? or * to list all spells.
Aiming: Pain
Press: ? - help, Shift-Dir - straight line, f/p - adder
Aim: an adder (severely wounded, chance to defeat MR: 89%)
The adder writhes in agony!
You kill the adder!
Your Fighting skill increases to level 1!
Your Short Blades skill increases to level 1!
Your Long Blades skill increases to level 1!
Your Axes skill increases to level 1!
Your Maces & Flails skill increases to level 1!
Your Polearms skill increases to level 1!
Your Staves skill increases to level 1!
Your Slings skill increases to level 1!
Your Bows skill increases to level 1!
Your Crossbows skill increases to level 1!
Your Throwing skill increases to level 1!
Your Armour skill increases to level 1!
Your Shields skill increases to level 1!
Your Unarmed Combat skill increases to level 1!
Your Evocations skill increases to level 1!
You have reached level 4!
You feel agile.
Found 17 stones.
You see here 16 gold pieces.
You now have 83 gold pieces (gained 16).
You see here an adder corpse.
You see here a dark potion.
n - 3 dark potions (gained 1)
You see here a javelin.
o - 4 javelins (gained 1)
A rat comes into view.
Throwing (i - inventory. (,) - cycle):
o - 4 javelins (quivered)
Press: ? - help, Shift-Dir - straight line, f - rat
Aim: a rat (resting)
You throw a javelin. The javelin hits the rat!
You kill the rat!
You see here a javelin.
o - 4 javelins (gained 1)
Found 10 gold pieces.
Unknown command.
A bat comes into view.
You see here 10 gold pieces.
Casting: Pain
Confirm with . or Enter, or press ? or * to list all spells.
Aiming: Pain
Press: ? - help, Shift-Dir - straight line, f - bat
Aim: a bat (chance to defeat MR: 93%)
The bat writhes in agony!
You kill the bat!
You now have 93 gold pieces (gained 10).
You open the door.
A dart slug comes into view.
Found 2 throwing nets.
Found a sparkling altar of Nemelex Xobeh and a basalt altar of Yredelemnul.
Unknown command.
Casting: Pain
Confirm with . or Enter, or press ? or * to list all spells.
You can't see any susceptible monsters within range! (Use Z to cast anyway.) Unknown command.
Throwing (i - inventory. (,) - cycle):
o - 4 javelins (quivered)
Press: ? - help, Shift-Dir - straight line, f - dart slug
Aim: a dart slug (clinging, resting)
You throw a javelin.
The javelin hits the dart slug but does no damage.
Casting: Pain
Confirm with . or Enter, or press ? or * to list all spells.
Aiming: Pain
Press: ? - help, Shift-Dir - straight line, f/p - dart slug
Aim: a dart slug (chance to defeat MR: 93%)
The dart slug writhes in agony!
Casting: Pain
Confirm with . or Enter, or press ? or * to list all spells.
Aiming: Pain
Press: ? - help, Shift-Dir - straight line, f/p - dart slug
Aim: a dart slug (severely wounded, chance to defeat MR: 93%)
The dart slug writhes in agony!
You kill the dart slug!
A rat comes into view.
There is an open door here.
Casting: Pain
Confirm with . or Enter, or press ? or * to list all spells.
You can't see any susceptible monsters within range! (Use Z to cast anyway.) Are you sure you want to abandon this character and quit the game? (Confirm with "yes".)

#..# #..# #(.# ####
##### #..# ##._.###._(##
#..# #. #.....8.....#
#..# .. #r.⌠(....⌠..#
########... .#
#......@..####..........
.
###.....###......#####..
#.#.###'###
####.#.#####..
#.#.###..# #.#....†...
#....##..# #.########.
#........# #.# #.
##...###########.# #.
##..............# #.
################ #.


You could see a rat (sleeping).

Vanquished Creatures
  Jessica (D:2)
  An adder (D:3)
  2 dart slugs
  A leopard gecko (D:1)
  A ball python (D:2)
  2 goblins
  5 hobgoblins
  3 bats
  A frilled lizard (D:2)
  2 kobolds
  5 rats
24 creatures vanquished.

Notes
Turn   | Place    | Note
-------+----------+-------------------------------------------
     0 | D:1      | tidbits the Gnoll Necromancer began the quest for the Orb.
     0 | D:1      | Reached XP level 1. HP: 13/13 MP: 6/6
    96 | D:1      | Reached XP level 2. HP: 14/19 MP: 1/7
    99 | D:1      | Learned a level 1 spell: Animate Skeleton
   336 | D:2      | Noticed Jessica
   341 | D:2      | Killed Jessica
   341 | D:2      | Reached skill level 5 in Spellcasting
   341 | D:2      | Reached skill level 1 in Invocations
   341 | D:2      | Reached XP level 3. HP: 14/25 MP: 2/9
   380 | D:3      | Reached skill level 1 in Fighting
   380 | D:3      | Reached skill level 1 in Short Blades
   380 | D:3      | Reached skill level 1 in Long Blades
   380 | D:3      | Reached skill level 1 in Axes
   380 | D:3      | Reached skill level 1 in Maces & Flails
   380 | D:3      | Reached skill level 1 in Polearms
   380 | D:3      | Reached skill level 1 in Staves
   380 | D:3      | Reached skill level 1 in Slings
   380 | D:3      | Reached skill level 1 in Bows
   380 | D:3      | Reached skill level 1 in Crossbows
   380 | D:3      | Reached skill level 1 in Throwing
   380 | D:3      | Reached skill level 1 in Armour
   380 | D:3      | Reached skill level 1 in Shields
   380 | D:3      | Reached skill level 1 in Unarmed Combat
   380 | D:3      | Reached skill level 1 in Evocations
   380 | D:3      | Reached XP level 4. HP: 5/32 MP: 0/11
   427 | D:3      | Found a sparkling altar of Nemelex Xobeh.
   427 | D:3      | Found a basalt altar of Yredelemnul.
   434 | D:3      | Quit the game

Skill      XL: |  1  2  3 |
---------------+----------+-----
Spellcasting   | 5 |  5.0
Invocations    | 1 |  1.1
Fighting       | 1 |  1.0
Short Blades   | 1 |  1.0
Long Blades    | 1 |  1.0
Axes           | 1 |  1.0
Maces & Flails | 1 |  1.0
Polearms       | 1 |  1.0
Staves         | 1 |  1.0
Slings         | 1 |  1.0
Bows           | 1 |  1.0
Crossbows      | 1 |  1.0
Throwing       | 1 |  1.0
Armour         | 1 |  1.0
Shields        | 1 |  1.0
Unarmed Combat | 1 |  1.0
Evocations     | 1 |  1.0
Dodging        | |  4.6
Stealth        | |  4.2
Conjurations   | |  0.7
Hexes          | |  0.7
Charms         | |  0.7
Summonings     | |  0.7
Necromancy     | |  7.1
Translocations | |  0.7
Transmutations | |  0.7
Fire Magic     | |  0.7
Ice Magic      | |  0.7
Air Magic      | |  0.7
Earth Magic    | |  0.7
Poison Magic   | |  0.7

Action                   |  1- 3 |  4- 6 || total
-------------------------+-------+-------++-------
Melee: Club              |     8 |       ||     8
       Bite              |     1 |       ||     1
Throw: Javelin           |     1 |     2 ||     3
 Cast: Pain              |    22 |     4 ||    26
  Use: Potion            |     1 |       ||     1
Dodge: Dodged            |     7 |       ||     7

Table legend:
 A = Turns spent in this place as a percentage of turns spent in the entire game.
 B = Non-inter-level travel turns spent in this place as a percentage of non-inter-level travel turns spent in the entire game.
 C = Inter-level travel turns spent in this place as a percentage of turns spent in this place.
 D = Turns resting spent in this place as a percentage of non-inter-level travel turns spent in this place.
 E = Turns spent auto-exploring this place as a percentage of non-inter-level travel turns spent in this place.
 F = Non-inter-level travel turns spent in this place divided by the number of levels of this place that you've seen.
                   A       B       C       D       E      F
               +-------+-------+-------+-------+-------+----------------------
         Total | 100.0 | 100.0 |   0.0 |   0.0 |   0.0 | 144.7
       Dungeon | 100.0 | 100.0 |   0.0 |   0.0 |   0.0 | 144.7
               +-------+-------+-------+-------+-------+----------------------

Table legend:
 A = Kills in this place as a percentage of kills in entire the game.
 B = Kills by you in this place as a percentage of kills by you in the entire game.
 C = Kills by friends in this place as a percentage of kills by friends in the entire game.
 D = Other kills in this place as a percentage of other kills in the entire game.
 E = Experience gained in this place as a percentage of experience gained in the entire game.
 F = Experience gained in this place divided by the number of levels of this place that you have seen.
                   A       B       C       D       E      F
               +-------+-------+-------+-------+-------+----------------------
         Total | 100.0 | 100.0 |   N/A |   N/A | 100.0 |  30.0
       Dungeon | 100.0 | 100.0 |   N/A |   N/A | 100.0 |  30.0
               +-------+-------+-------+-------+-------+----------------------

Vault maps used:
D:1:      nzn_arrival_settlement, minmay_pentomino_p2
D:2:      elyvilon_altar_5, okawaru_ov_weapons_minmay, uniq_jessica,
          uniq_natasha
D:3:      gammafunk_temple_overflow_pools, first_ration
